 Dungeon Crawl Stone Soup version 0.31.0-12-g77e489cdc1 (webtiles) character file.

Game seed: 14320774696536989052

44 Fodor the Covered (level 3, -2/33 HPs)
             Began as a Minotaur Fighter on Feb 13, 2024.
             Was an Initiate of Gozag.
             Killed by divine providence
             ... invoked by an orc priest
              (13 damage)
             ... on level 3 of the Dungeon.
             The game lasted 00:10:43 (2213 turns).

Fodor the Covered (Minotaur Fighter)                Turns: 2213, Time: 00:10:44

Health: -2/33      AC:  7    Str: 22    XL:     3   Next: 41%
Magic:  2/2        EV:  9    Int:  5    God:    Gozag
Gold:   97         SH:  4    Dex:  9    Spells: 2/2 levels left

rFire   . . .        a - +0 war axe
rCold   . . .        c - +0 buckler
rNeg    . . .        b - +0 scale mail
rPois   .            (helmet restricted)
rElec   .            (no cloak)
rCorr   .            (no gloves)
SInv    .            (no boots)
Will    .....        (no amulet) Stlth
                     (no ring)
HPRegen 0.25/turn    (no ring)
MPRegen 0.08/turn

%: no passive effects
@: no status effects
A: horns 2, retaliatory headbutt
a: Renounce Religion, Potion Petition, Call Merchant, Bribe Branch


You were on level 3 of the Dungeon.
You worshipped Gozag.
Gozag was noncommittal.
You visited 1 branch of the dungeon, and saw 3 of its levels.

You collected 157 gold pieces.
You paid 60 gold pieces to Gozag.

Inventory:

Hand Weapons
 a - a +0 war axe (weapon)
Armour
 b - a +0 scale mail (worn)
 c - a +0 buckler (worn)
Scrolls
 e - 3 scrolls of enchant armour {unknown}
 f - a scroll of fear {unknown}
 g - 2 scrolls of poison {unknown}
 i - a scroll of teleportation {unknown}
 j - a scroll of amnesia {unknown}
 k - a scroll of silence {unknown}
 l - a scroll of revelation {unknown}
Potions
 d - a potion of might
 h - 3 potions of curing {unknown}


   Skills:
 + Level 4.2 Fighting
 + Level 3.0 Axes
 + Level 4.2 Armour
 + Level 0.6 Dodging
 + Level 4.0 Shields


You had 2 spell levels left.
You didn't know any spells.
Your spell library contained the following spells:

 Spells                   Type           Power      Damage    Failure   Level
 Kiss of Death            Conj/Necr      0%         2d5       86%         1
 Confusing Touch          Hex            0%         N/A       99%         3
 Dispel Undead            Necr           0%         3d6       100%        4
 Vhi's Electric Charge    Tloc/Air       0%         N/A       100%        4
 Arcjolt                  Conj/Air       0%         1d10      100%        5
 Plasma Beam              Fire/Air       0%         2x1d10    100%        6


Dungeon Overview and Level Annotations

Branches:
Dungeon (3/15)

Altars:
Cheibriados
Gozag


Innate Abilities, Weirdness & Mutations

You have a pair of horns on your head.
You reflexively headbutt those who attack you in melee.


Message History

You hit the quokka but do no damage.
The quokka bites you but does no damage. x2
You barely miss the quokka. Your headbutt misses the quokka.
The quokka bites you.
You hit the quokka but do no damage. The quokka closely misses you. x2
You miss the quokka. You headbutt the quokka.
You kill the quokka!
You now have 78 gold pieces (gained 6).
Found a scroll labelled DETWEO RISCHU.
e - 3 scrolls labelled DETWEO RISCHU (gained 1)
Found a runed ring mail.
You see here a +0 ring mail of fire resistance.
You see here a +0 ring mail of fire resistance.
Found an escape hatch in the floor.
Found 7 stones.
There is an escape hatch in the floor here.
Found 11 gold pieces.
You see here 7 stones.
You now have 89 gold pieces (gained 11).
Found a stone staircase leading up.
A bat comes into view.
The bat barely misses you. You furiously retaliate!
You headbutt the bat!
You kill the bat!
Your Axes skill increases to level 3!
You now have 97 gold pieces (gained 8).
An orc priest comes into view. It is wielding a +0 trident.
The orc priest shouts!
You hear a shout! x2
The orc priest looks braver for a moment.
The orc priest hits you from afar with a +0 trident.
The orc priest mumbles some strange prayers to Beogh against you.
You barely resist.
The orc priest hits you with a +0 trident!
You barely miss the orc priest. The orc priest barely misses you.
The orc priest calls down the wrath of Beogh upon you.
Beogh smites you!
You barely miss the orc priest.
The orc priest invokes the aid of Beogh against you.
Beogh smites you!
You die...
Your body crumbles into a pile of gold.

##### ##### #...
....############o###
.##...>.........@..#
.##..####(.......#.# #
..............####.####.###
.##.#####.#................
....# #.#.#.####......###
###.# #.#.#.####..##.....
#.#####.#.#..............
#...<...............#....
#######.#..########.# #.


You could see an orc priest.

Vanquished Creatures
  A dart slug (D:2)
  3 bats
  2 giant cockroaches
  A hobgoblin (D:2)
  7 jackals
  4 quokkas
  6 ball pythons
  2 frilled lizards
  6 kobolds
  8 rats
40 creatures vanquished.

Notes
Turn   | Place    | Note
-------+----------+-------------------------------------------
     0 | D:1      | Fodor the Minotaur Fighter began the quest for the Orb.
     0 | D:1      | Reached XP level 1. HP: 19/19 MP: 0/0
   510 | D:1      | Reached XP level 2. HP: 27/27 MP: 1/1
  1201 | D:2      | Found a snail-covered altar of Cheibriados.
  1259 | D:2      | Reached XP level 3. HP: 33/33 MP: 2/2
  1884 | D:3      | Found an opulent altar of Gozag.
  1902 | D:3      | Became a worshipper of Gozag Ym Sagoz the Greedy
  2213 | D:3      | Killed from afar by an orc priest

Illustrated notes

Levels and vault maps discovered:
D:1:      psy_arrival_radial02, layout_loops_ring
D:2:      layout_basic, basic_altar
D:3:      layout_loops_ring, overflow_temple_1_default,
          mainiacjoe_overflow_surrounded_room, minmay_fractal_squares_gapless_5

Skill      XL: |  1  2  3 |
---------------+----------+-----
Armour         | 4 |  4.2
Fighting       | 4 |  4.2
Shields        | 4 |  4.0
Axes           | 3 |  3.0
Dodging        | |  0.6

Action                     || total
---------------------------++-------
  Melee: War axe           ||    84
         Headbutt          ||    11
 Armour: Scale mail        ||    72
  Dodge: Dodged            ||    58
  Block: Buckler           ||    18
